 Dungeon Crawl Stone Soup version 0.32-a0-422-g28b100f618 (webtiles) character file.

Game seed: 12958298770239180801

2 Bravepunisher the Changeling (level 1, -4/13 HPs)
             Began as a Spriggan Shapeshifter on Feb 21, 2024.
             Slain by an ice beast (14 damage)
             ... on level 4 of the Dungeon.
             The game lasted 00:01:19 (136 turns).

Bravepunisher the Changeling (Spriggan Shapeshifter) Turns: 136, Time: 00:01:20

Health: -4/13      AC: 20    Str: 10    XL:     1   Next: 25%
Magic:  2/2        EV:  4    Int: 11    God:
Gold:   0          SH:  0    Dex: 14    Spells: 0/0 levels left

rFire   . .          .
                       - Unarmed
rCold   . . .        (no shield)
rNeg    . . .        a - melded +0 animal skin
rPois   +            (helmet currently unavailable)
rElec   .            (cloak currently unavailable)
rCorr   .            (gloves unavailable)
SInv    +            (boots unavailable)
Will    .....        (no amulet)
Stlth   +            (no ring)
HPRegen 0.22/turn    (no ring)
MPRegen 0.08/turn

%: no passive effects
@: tree-form
A: stationary, stasis, torment immunity, boosted hp, very small, no large
weapons, unfitting armour, see invisible, (speed 3)
a: no special abilities


You were on level 4 of the Dungeon.
You were a tree.
You visited 1 branch of the dungeon, and saw 4 of its levels.

Inventory:

Armour
 a - a +0 animal skin (melded)
Talismans
 c - a beast talisman
 d - a flux talisman


   Skills:
 + Level 0.8 Fighting
 + Level 2.7 Dodging
 - Level 2.4 Unarmed Combat
 * Level 4.1 Shapeshifting


You couldn't memorise any spells.
You didn't know any spells.
Your spell library was empty.

Dungeon Overview and Level Annotations

Branches:
Dungeon (4/15)
 Temple: D:4-7

Altars:


Innate Abilities, Weirdness & Mutations

You are a tree.
Your roots penetrate the ground, keeping you stationary.
You cannot be teleported.
You are immune to unholy pain and torment.
Your maximum health is greatly increased.
Your equipment is partially melded.
You are very small and have problems with some larger weapons.
You are too small for most types of armour.
You have supernaturally acute eyesight. (SInv)
((You cover ground extremely quickly. (Speed+++)))


Message History

An iguana comes into view.
An orc comes into view. It is wielding a +0 whip.
The orc shouts! x2; You hear a shout!
An ogre comes into view. It is wielding a +0 giant spiked club.
You hear a shout!
An orc comes into view. It is wielding a +0 club.
The orc shouts!
The ice beast attacks as it pursues you!
The ice beast barely misses you.
An orc comes into view. It is wielding a +0 dagger of venom.
Found 6 gold pieces.
The goblin unwields a +0 club.
The goblin wields a +0 sling.
The goblin shoots a sling bullet.
The sling bullet closely misses you.
A goblin comes into view. It is wielding a +0 dagger.
The goblin shouts!
An orc comes into view. It is wielding a +0 flail.
The orc moves out of view.
The orc shouts!
The ogre shouts!
You hit the orc but do no damage. The orc closely misses you.
The orc misses you.
You hit the orc but do no damage. The orc misses you.
You aren't carrying any scrolls.
You hit the orc but do no damage. The orc hits you but does no damage. x2
You hit the orc.
The orc is severely wounded.
The orc hits you with a +0 dagger of venom.
You closely miss the orc.
The orc is severely wounded.
You turn into a tree.
Your +0 animal skin melds into your body.
Your roots penetrate the ground.
The orc hits you but does no damage.
You closely miss the ice beast.
The ice beast hits you but does no damage.
The orc hits you with a +0 dagger of venom.
You smack the ice beast!
The ice beast is moderately wounded.
The ice beast hits you. The ice beast freezes you!
Ouch! That really hurt!
You die...

##################### ###
.........oY♣ogoJ..... ...
########.g#####o.#######.###
##.....Y.............
#...o.J#.o.#.#o..#..
##.....o#.#...#.#...
#...#...#.....#...#
#....#..#.....#..#.
#.#...###.....# #..
#..#..#..#g..#..#..


You could see an ice beast, 4 orcs, an endoplasm and 2 goblins.

Vanquished Creatures
  A bat (D:1)
1 creature vanquished.

Notes
Turn   | Place    | Note
-------+----------+-------------------------------------------
     0 | D:1      | Bravepunisher the Spriggan Shapeshifter began the quest for
                  | the Orb.
     0 | D:1      | Reached XP level 1. HP: 9/9 MP: 2/2
    96 | D:4      | Noticed an ogre
   100 | D:4      | Noticed an ice beast
   101 | D:4      | Noticed an iguana
   103 | D:4      | Noticed an ogre
   136 | D:4      | Slain by an ice beast

Illustrated notes

Levels and vault maps discovered:
D:1:      dpeg_arrival_round_c, layout_basic, minmay_misc_feat_square,
          skrybe_limestone_x, minmay_strange_pillars
D:2:      layout_rooms, st_stairs_11, minmay_misc_feat_diagonals
D:3:      layout_basic, nicolae_overflow_ecumenical_swirl,
          dreamdust_ecumenical_altar_drowned_temple, gammafunk_ghost_stat_death
D:4:      layout_basic, nicolae_overflow_crystal_walls,
          nzn_hepliaklqana_mist_gate, minmay_splitting_lines,
          hangedman_abyss_or_decor_passed

Action                     || total
---------------------------++-------
  Melee: Unarmed           ||    12
Ability: Begin Untransform ||     1
    Use: Potion            ||     1
 Armour: Animal skin       ||     8
         Skin              ||     4
  Dodge: Dodged            ||    18

Table legend: (Time is in decaauts)
 A = Elapsed time spent in this place.
 B = Non-inter-level travel time spent in this place.
 C = Inter-level travel time spent in this place.
 D = Time resting spent in this place.
 E = Time spent auto-exploring this place.
 F = Levels seen in this place.
 G = Mean time per level.
                   A        B        C        D        E       F      G
               +--------+--------+--------+--------+--------+-----+--------+
         Total |     89 |     89 |      0 |      0 |      0 |   4 |   22.2 |
       Dungeon |     89 |     89 |      0 |      0 |      0 |   4 |   22.2 |
               +--------+--------+--------+--------+--------+-----+--------+

Top non-repeatable levels by time:
     D:1: 31 daAuts
     D:4: 26 daAuts
     D:2: 25 daAuts
     D:3: 6 daAuts
